Map: Tokamak LE

Players

LigerMaNN

  • Race: Zerg Zerg
  • League: Diamond
  • Spawn Location: 7:00

Rebok - Winner!

  • Race: Zerg Zerg
  • League: Gold
  • Spawn Location: 1:00

VOD

Have the link to the VOD?

Description

Time

  • Played on: June 4, 2025, 10:17 p.m.
  • Length: 11:07
Show
View Real Time Build Order
Export as new Build Order

LigerMaNN Zerg 

Build Orders: Pool First 

Get SALT Encoding   

  12  0:00  Drone  
  13  0:15  Extractor  
  12  0:24  Spawning Pool  
  12  0:28  Drone  
  12  0:33  Drone  
  13  0:37  Drone  
  14  0:49  Overlord  
  14  1:12  Zergling x6  
  17  1:23  Metabolic Boost  
  17  1:25  Zergling x2  
  18  1:33  Zergling x2  
  18  1:37  Queen  
  21  1:44  Overlord  
  21  1:55  Zergling x2  
  22  2:24  Zergling x4  
  21  2:40  Zergling x4  
  23  2:49  Zergling x2  
  23  2:50  Queen  
  24  3:02  Hatchery  
  23  3:11  Zergling x4  
  21  3:28  Zergling x8  
  23  3:39  Zergling x2  
  24  3:51  Zergling x6  
  24  3:52  Overlord  
  23  4:19  Zergling x10  
  28  4:29  Zergling x6  
  27  4:47  Zergling x6  
  30  4:53  Drone x3  
  30  4:55  Drone  
  30  4:56  Drone x3  
  27  5:20  Drone x6  
  32  5:35  Drone x2  
  32  5:36  Hatchery  
  32  5:38  Drone  
  32  5:50  Evolution Chamber  
  32  5:53  Roach Warren  
  32  5:55  Lair  
  30  5:57  Drone  
  31  6:05  Queen  
  33  6:21  Drone x7  
  33  6:23  Drone  
  41  6:26  Extractor  
  41  6:28  Extractor  
  41  6:30  Drone  
  41  6:31  Drone  
  41  6:32  Extractor  
  40  6:36  Overlord  
  40  6:49  Overlord  
  40  6:50  Overlord  
  40  6:59  Drone x7  
  47  7:09  Drone  
  47  7:10  Drone x4  
  47  7:14  Zerg Missile Weapons Level 1  
  52  7:17  Glial Reconstitution  
  52  7:23  Drone x2  
  52  7:24  Drone  
  52  7:27  Drone  
  56  7:32  Overlord  
  56  7:33  Overlord  
  58  7:50  Roach x5  
  58  7:51  Roach x3  
  70  7:54  Roach  
  74  8:12  Ravager x8  
  81  8:16  Overlord x4  
  81  8:17  Overlord  
  77  8:47  Overlord  
  77  8:48  Overlord  
  77  8:49  Roach x10  
  77  8:50  Roach x3  
  103  9:14  Drone x10  
  90  9:21  Drone x2  
  87  9:26  Queen x2  
  86  9:45  Roach x3  
  93  10:00  Drone x8  
  100  10:12  Hydralisk Den  
  99  10:33  Roach  
  99  10:34  Roach x8  
  117  10:36  Ravager x4  
  117  10:37  Ravager  
  117  10:38  Ravager x2  
  117  10:39  Ravager  
Show
View Real Time Build Order
Export as new Build Order

Rebok Zerg - Winner!

Build Orders: Hatch First 

Get SALT Encoding   

  12  0:00  Drone  
  13  0:12  Overlord  
  13  0:23  Drone  
  14  0:30  Drone  
  14  0:34  Drone  
  16  0:46  Hatchery  
  15  0:50  Drone  
  16  1:08  Drone, Spawning Pool  
  16  1:10  Drone  
  17  1:17  Drone  
  18  1:28  Drone  
  19  1:38  Overlord  
  19  1:49  Drone  
  20  1:57  Queen  
  20  1:58  Queen  
  20  1:59  Zergling x2  
  25  2:02  Zergling x2  
  26  2:10  Zergling x2  
  26  2:12  Zergling x2  
  27  2:23  Drone x2  
  28  2:36  Zergling x4  
  26  2:56  Evolution Chamber  
  25  2:58  Evolution Chamber  
  25  3:01  Evolution Chamber  
  25  3:03  Zergling x6  
  26  3:08  Spine Crawler  
  23  3:23  Queen  
  24  3:30  Drone x3  
  26  3:45  Extractor, Queen  
  27  3:54  Drone  
  27  3:55  Drone x2  
  30  3:59  Extractor  
  29  4:12  Drone x5  
  34  4:22  Roach Warren  
  33  4:27  Drone  
  33  4:28  Drone  
  35  4:48  Drone  
  35  4:49  Overlord x2  
  36  5:02  Evolution Chamber  
  33  5:07  Evolution Chamber  
  31  5:18  Lair  
  31  5:22  Drone x9  
  31  5:26  Extractor  
  39  5:35  Zerg Ground Armor Level 1  
  39  5:40  Baneling Nest  
  39  5:41  Drone  
  39  5:44  Metabolic Boost  
  39  5:53  Drone x4  
  43  6:08  Drone  
  43  6:09  Drone x7  
  51  6:23  Overlord  
  51  6:26  Centrifugal Hooks  
  51  6:33  Zergling x2  
  51  6:35  Extractor  
  51  6:54  Hatchery  
  50  7:01  Zergling x4  
  50  7:04  Overlord x2  
  52  7:12  Hatchery  
  51  7:16  Zergling x2  
  52  7:27  Zergling x24  
  64  7:38  Zergling x4  
  66  7:44  Drone  
  67  7:53  Baneling x6  
  67  7:58  Baneling x13  
  67  7:59  Baneling  
  67  8:00  Zergling x2  
  67  8:02  Overlord x2  
  68  8:08  Queen  
  70  8:15  Zergling x8  
  70  8:17  Overlord x4  
  74  8:22  Zergling x2  
  74  8:23  Zergling x8  
  72  8:36  Zergling x2  
  72  8:37  Zergling x12  
  72  8:40  Zerg Melee Weapons Level 1  
  77  8:42  Zerg Ground Armor Level 2  
  77  8:47  Zergling x2  
  77  8:48  Zergling x4  
  80  8:55  Zergling x6  
  81  8:56  Zergling x2  
  81  9:15  Zergling x18  
  76  9:23  Zergling x2  
  76  9:24  Zergling x10  
  71  9:36  Roach x4  
  76  9:44  Roach x3  
  76  9:45  Roach  
  82  10:02  Queen  
  82  10:04  Drone  
  82  10:05  Drone x7  
  92  10:34  Overlord x2  
  94  10:42  Roach  
  94  10:43  Roach x8  
Tags
 
Matchup
ZvZ
Race
Zerg
Replay Pack
June 2025
Spawn Locations
Cross Positions
Add a new tag
Caveats
  • Supply blocks, unpowered buildings, or Contaminate may cause inaccurate times.
  • Supply counts are checked every 10 seconds.